 Dungeon Crawl Stone Soup version 0.26.0-7-g794d0892b4 (webtiles) character file.

Game seed: 11512509067046632282

6202 Froggeryz the Basher (level 10, -3/61 HPs)
             Began as a Gargoyle Gladiator on Jan 11, 2021.
             Was an Elder of Okawaru.
             Slain by a storm dragon (7 damage)
             ... on level 10 of the Dungeon.
             The game lasted 00:13:31 (10747 turns).

Froggeryz the Basher (Gargoyle Gladiator)          Turns: 10747, Time: 00:13:31

Health: -3/61      AC: 25    Str: 20    XL:     10   Next: 91%
Magic:  9/10       EV: 10    Int: 10    God:    Okawaru [****..]
Gold:   333        SH: 10    Dex: 11    Spells: 9/9 levels left

rFire    + . .     SeeInvis .   I - +4 mace
rCold    . . .     Faith    .   g - +0 buckler
rNeg     + . .     Spirit   .   D - +4 scale mail {Will+}
rPois    ∞         Reflect  +   c - +0 helmet
rElec    +         Harm     .   x - scarf {repulsion}
rCorr    .         Rampage  .   n - +0 pair of gloves
Will     ++...                  (no boots)
Stlth    ..........             A - amulet of reflection
HPRegen  0.20/turn              h - +4 ring of protection
MPRegen  0.12/turn              f - ring of Awnad {rF+ Will+}

@: mighty, repel missiles
A: negative energy resistance 1, electricity resistance, unbreathing,
petrification resistance, miasma immunity, AC +7
a: Renounce Religion, Heroism


You were on level 10 of the Dungeon.
You worshipped Okawaru.
Okawaru was greatly pleased with you.
You visited 2 branches of the dungeon, and saw 11 of its levels.

You collected 794 gold pieces.
You spent 461 gold pieces at shops.

Inventory:

Hand Weapons
 I - a +4 mace (weapon)
Missiles
 b - 6 curare-tipped darts (quivered)
 k - 7 javelins
 m - 4 throwing nets
 G - 3 silver javelins
Armour
 c - a +0 helmet (worn)
 g - a +0 buckler (worn)
 n - a +0 pair of gloves (worn)
 x - a scarf of repulsion (worn)
 D - a +4 scale mail of willpower (worn)
Jewellery
 f - the ring of Awnad (right hand) {rF+ Will+}
   (You found it on level 5 of the Dungeon)

   [ring of willpower]

   It protects you from fire.
   It affects your willpower, your defense against some magical effects.
 h - a +4 ring of protection (left hand)
 A - an amulet of reflection (around neck)
 F - an uncursed ring of protection from fire
Wands
 l - a wand of paralysis (8)
 r - a wand of acid (13)
 L - a wand of digging (5)
Scrolls
 a - a scroll of amnesia
 e - 6 scrolls of identify
 p - 3 scrolls of enchant armour
 q - 2 scrolls of blinking {unknown}
 y - 3 scrolls of remove curse
 C - a scroll of torment {unknown}
 H - 5 scrolls of teleportation {unknown}
 J - a scroll of magic mapping {unknown}
Potions
 d - a potion of lignification {unknown}
 i - 4 potions of brilliance {unknown}
 j - 4 potions of curing
 o - 2 potions of attraction
 s - a potion of cancellation {unknown}
 t - a potion of invisibility {unknown}
 u - a potion of might
 v - a potion of flight
 w - a potion of mutation
 z - 3 potions of haste {unknown}
 B - a potion of degeneration {unknown}


   Skills:
 + Level 6.8 Fighting
 * Level 13.2 Maces & Flails
 - Level 1.7 Throwing
 - Level 5.0 Armour
 - Level 2.4 Dodging
 - Level 5.1 Shields


You had 9 spell levels left.
You didn't know any spells.
Your spell library contained the following spells:

 Spells                   Type           Power        Failure   Level
 Animate Skeleton         Necr           0%           71%         1
 Apportation              Tloc           0%           71%         1
 Corona                   Hex            0%           71%         1
 Magic Dart               Conj           0%           71%         1
 Summon Small Mammal      Summ           0%           71%         1
 Blink                    Tloc           N/A          83%         2
 Call Imp                 Summ           0%           83%         2
 Slow                     Hex            0%           83%         2
 Conjure Flame            Conj/Fire      0%           97%         3
 Mephitic Cloud           Conj/Pois/Air  0%           97%         3
 Bolt of Magma            Conj/Fire/Erth 0%           100%        5
 Iskenderun's Battlesphe  Conj           0%           100%        5
 Iron Shot                Conj/Erth      0%           100%        6
 Orb of Destruction       Conj           0%           100%        7
 Spellforged Servitor     Conj/Summ      0%           100%        7


Dungeon Overview and Level Annotations

Branches:
Dungeon (10/15)            Temple (1/1) D:4            Lair (0/6) D:10
    Orc: D:9-12

Altars:
Ashenzari
Cheibriados
Dithmenos
Elyvilon
Fedhas
Gozag
Hepliaklqana
Kikubaaqudgha
Makhleb
Nemelex Xobeh
Okawaru
Qazlal
Ru
Sif Muna
Trog
Uskayaw
Vehumet
Wu Jian
Xom
Yredelemnul
Zin
The Shining One
Beogh

Shops:
D:7 [   D:10 (

Annotations:
D:6 2 runed translucent doors, mojasp's ghost, amateur DDFi


Innate Abilities, Weirdness & Mutations

You are resistant to torment.
Your stone body is resilient. (AC +7)
You are immune to poison.
You resist negative energy. (rN+)
You are resistant to electric shocks. (rElec)
You can survive without breathing.
You are immune to petrification.
You are immune to miasma.


Message History

The storm dragon tramples you but does no damage.
The flayed ghost hits you but does no damage.
You closely miss the storm dragon.
The storm dragon is heavily wounded.
The storm dragon misses you. You block the storm dragon's attack.
The storm dragon tramples you but does no damage.
You sock the storm dragon!
The storm dragon is severely wounded.
The flayed ghost hits you!
* * * LOW HITPOINT WARNING * * *
The storm dragon breathes lightning at you.
The bolt of lightning is repelled.
Okay, then.
You closely miss the storm dragon.
The storm dragon is severely wounded.
You feel like a meek peon again. The flayed ghost hits you!
* * * LOW HITPOINT WARNING * * *
The storm dragon bites you!
You die...

......#..###........#.......##.##
#..(......#.....#....(#..........
####..)(.......###.#..##.........
#.....##((.....##..#.###.........
#.........(.....##...##.........#
...#....##..###..#....###......##
#.##....##.......###..###.....##
#........#......## ##..#..#..##
##...#...)..###.@## #.......##
###..#......##..WD###........#
...>##..###.###....###########
........##..##...#.C...#:"
........#........###...#:=###
...............### #...#...W#
.............### #...#.C..#
..............# #...####C#
.............## #........#


You could see a storm dragon, a stone giant and a flayed ghost.

Vanquished Creatures
  A troll (D:9)
  Prince Ribbit (D:8)
  A meliai zombie (D:10)
  Sigmund (D:2)
  A shadow (D:10)
  A wyvern (D:10)
  5 yaks (D:9)
  2 orc warriors
  3 ice beasts
  6 ogres
  A phantom (D:10)
  A black bear (D:8)
  A sky beast (D:10)
  2 centaurs
  3 big kobolds
  4 bullfrogs
  A water moccasin zombie (D:6)
  A wyvern skeleton (D:8)
  8 scorpions
  6 killer bees (D:9)
  3 wights (D:8)
  5 howler monkeys
  4 jellies
  2 hounds
  6 orc priests
  3 centaur skeletons
  A gnoll shaman (D:9)
  Terence (D:2)
  14 orc wizards
  9 worker ants
  A killer bee zombie (D:7)
  A hound skeleton (D:6)
  2 worker ant zombies
  Robin (D:1)
  11 gnolls
  5 adders
  A shadow imp (D:7)
  2 white imps
  An ufetubus (D:9)
  3 adder skeletons
  2 worms
  3 dart slugs (D:3)
  5 leopard geckos
  29 orcs
  4 giant cockroaches
  15 goblins
  12 hobgoblins
  13 jackals
  20 kobolds
  3 quokkas
  2 ball pythons
  A bat (D:3)
  6 frilled lizards
  2 jackal skeletons (D:4)
  A jackal zombie (D:5)
  A quokka skeleton (D:5)
  4 rats
249 creatures vanquished.

Vanquished Creatures (others)
  A gnoll (D:7)
1 creature vanquished.

Grand Total: 250 creatures vanquished

Notes
Turn   | Place    | Note
-------+----------+-------------------------------------------
     0 | D:1      | Froggeryz the Gargoyle Gladiator began the quest for the
                  | Orb.
     0 | D:1      | Reached XP level 1. HP: 12/12 MP: 1/1
   303 | D:1      | Reached XP level 2. HP: 14/17 MP: 2/2
   910 | D:2      | Noticed Robin
   927 | D:1      | Reached skill level 4 in Maces & Flails
  1069 | D:1      | Reached XP level 3. HP: 21/21 MP: 3/3
  1096 | D:1      | Killed Robin
  1393 | D:2      | Noticed Sigmund
  1425 | D:2      | Killed Sigmund
  1426 | D:2      | Reached skill level 6 in Maces & Flails
  1426 | D:2      | Reached XP level 4. HP: 11/26 MP: 4/4
  1426 | D:2      | Reached XP level 5. HP: 13/30 MP: 5/5
  1891 | D:2      | Found a burning altar of Makhleb.
  1910 | D:2      | Noticed Terence
  1931 | D:2      | Killed Terence
  1932 | D:2      | Reached XP level 6. HP: 32/35 MP: 6/6
  2186 | D:2      | Found a glowing silver altar of Zin.
  2186 | D:2      | Noticed an angel
  2186 | D:2      | Noticed an Executioner
  2464 | D:3      | Found a roughly hewn altar of Beogh.
  2476 | D:3      | Reached skill level 7 in Maces & Flails
  3413 | D:4      | Reached XP level 7. HP: 38/40 MP: 7/7
  3447 | D:4      | Found a staircase to the Ecumenical Temple.
  3494 | Temple   | Entered the Ecumenical Temple
  3707 | D:4      | Found a broken altar of Ashenzari.
  3938 | D:4      | Reached skill level 1 in Armour
  3969 | D:4      | Reached skill level 8 in Maces & Flails
  4380 | D:5      | Entered Level 5 of the Dungeon
  4460 | D:5      | Found a white marble altar of Elyvilon.
  4587 | D:5      | Got a fine bone ring
  4588 | D:5      | Identified the ring of Awnad {rF+ Will+} (You found it on
                  | level 5 of the Dungeon)
  4657 | D:5      | Found an opulent altar of Gozag.
  4775 | D:5      | Reached XP level 8. HP: 39/44 MP: 8/8
  4786 | D:5      | Reached skill level 9 in Maces & Flails
  5616 | D:6      | Found a runed translucent door.
  5617 | D:6      | Noticed mojasp's ghost (amateur DDFi)
  5971 | D:6      | Found a runed translucent door.
  6297 | D:6      | Found an iron altar of Okawaru.
  6310 | D:6      | Became a worshipper of Warmaster Okawaru
  6503 | D:7      | Found a stormy altar of Qazlal.
  6785 | D:6      | Reached skill level 10 in Maces & Flails
  6824 | D:6      | Reached skill level 5 in Armour
  7057 | D:7      | Found a radiant altar of Vehumet.
  7088 | D:7      | Found an iron altar of Okawaru.
  7098 | D:7      | Found a hazy altar of Hepliaklqana.
  7102 | D:7      | Found a blossoming altar of Fedhas.
  7148 | D:7      | Found Tunkauwk's Armour Boutique.
  7153 | D:7      | Bought a +0 buckler for 58 gold pieces
  7153 | D:7      | Bought a +4 scale mail of willpower for 403 gold pieces
  7199 | D:7      | Reached skill level 1 in Shields
  7199 | D:7      | Reached XP level 9. HP: 34/48 MP: 9/9
  8397 | D:8      | Reached * piety under Okawaru
  8398 | D:8      | Reached skill level 5 in Shields
  8440 | D:8      | Reached skill level 11 in Maces & Flails
  8711 | D:8      | Noticed Prince Ribbit
  8885 | D:8      | Found a radiant altar of Vehumet.
  9201 | D:8      | Killed Prince Ribbit
  9202 | D:8      | Reached XP level 10. HP: 53/57 MP: 10/10
  9479 | D:9      | Reached ** piety under Okawaru
  9480 | D:9      | Reached skill level 12 in Maces & Flails
  9481 | D:9      | Reached skill level 5 in Fighting
  9720 | D:9      | Reached *** piety under Okawaru
 10105 | D:10     | Entered Level 10 of the Dungeon
 10235 | D:10     | Found a staircase to the Lair.
 10391 | D:10     | Reached skill level 13 in Maces & Flails
 10476 | D:10     | Found Wikeduby's Weapon Emporium.
 10679 | D:10     | Reached **** piety under Okawaru
 10718 | D:10     | Noticed a storm dragon
 10718 | D:10     | Noticed a flayed ghost
 10718 | D:10     | Noticed a stone giant
 10747 | D:10     | Slain by a storm dragon

Illustrated notes

Levels and vault maps discovered:
D:1:      lemuel_arrival_lava_pool, layout_loops_ring
D:2:      layout_rooms, grunt_temple_overflow_order_and_chaos_2, uniq_robin,
          uniq_terence, uniq_sigmund
D:3:      layout_basic, hex_tiny, kennysheep_orc_chapel
D:4:      layout_loops_corners, minmay_temple_entry_mist,
          nicolae_ashenzari_panopticon
D:5:      layout_basic, overflow_temple_1_default, old_standard_altar,
          minmay_splitting_lines, minmay_misc_feat_encased,
          minmay_misc_feat_four_crosses, st_stairs_13
D:6:      layout_cave_pools, ebering_ghost_sewer_f, okawaru_altar_gauntlet_db
D:7:      layout_loops_corners, grunt_qazlal_clouds, fiery_altar_vehumet,
          minmay_overflow_temple_star_quad, serial_shops, shop_statue,
          minmay_manual_mail
D:8:      layout_loops_ring, basic_altar, uniq_prince_ribbit1
D:9:      layout_rooms, st_stairs_7
D:10:     minmay_shrinking_squares, layout_cave_pools, lair_entry_dummy,
          serial_rivers, chequers_serial_rivers_small_a,
          chequers_serial_rivers_micro_e, chequers_serial_rivers_micro_b,
          chequers_serial_rivers_micro_c, chequers_serial_rivers_marsh,
          serial_shops, kennysheep_little_box, kennysheep_generic_room_8
Temple:   nicolae_temple_figure_eight

Skill      XL: |  1  2  3  4  5  6  7  8  9 10 |
---------------+-------------------------------+-----
Maces & Flails | 4 6 7 8 10 11 13 | 13.2
Armour         | 2 5 |  5.0
Shields        | 1 5 |  5.1
Fighting       | 4 6 |  6.8
Throwing       | |  1.7
Dodging        | |  2.4

Action                   |  1- 3 |  4- 6 |  7- 9 | 10-12 || total
-------------------------+-------+-------+-------+-------++-------
Melee: Flail             |   154 |   180 |   496 |       ||   830
       Mace              |       |       |    61 |   287 ||   348
Throw: Throwing net      |     3 |       |     1 |       ||     4
       Dart              |       |       |    10 |     2 ||    12
Invok: Heroism           |       |       |       |     1 ||     1
  Use: Scroll            |       |       |    14 |     1 ||    15
       Potion            |       |       |     2 |     2 ||     4
Armor: Leather armour    |    99 |    56 |       |       ||   155
       Scale mail        |       |    50 |   309 |   119 ||   478
Dodge: Dodged            |   159 |   112 |   245 |    95 ||   611
       Repelled          |       |       |     3 |     1 ||     4
Block: Buckler           |       |       |    48 |   147 ||   195
       Reflection        |       |       |       |     2 ||     2
